 Seeded DCSS version 0.31-a0-222-gefeffbb62a (webtiles) character file.

Game seed: 14784897493659367010 (custom seed)

930 innerfire43 the Trooper (level 7, -8/58 HPs)
             Began as a Demonspawn Monk on July 5, 2023.
             Killed from afar by a white imp (13 damage)
             ... with a puff of frost
             ... on level 6 of the Dungeon.
             The game lasted 00:04:48 (4515 turns).

innerfire43 the Trooper (Demonspawn Monk)           Turns: 4515, Time: 00:04:48

Health: -8/58      AC:  6    Str: 13    XL:     7   Next: 86%
Magic:  7/7        EV: 14    Int: 12    God:
Gold:   359        SH:  0    Dex: 15    Spells: 6/6 levels left

rFire   . . .        j - +0 short sword (drain)
rCold   . . .        d - orb {light}
rNeg    . . .        b - +0 robe
rPois   .            y - +2 hat
rElec   .            (no cloak)
rCorr   .            (no gloves)
SInv    .            (no boots)
Will    .....        z - amulet of the acrobat
Stlth   +            (no ring)
HPRegen 0.29/turn    (no ring)
MPRegen 0.10/turn

%: acrobat
@: glowing
A: icy blue scales 1, foul stench 2
a: no special abilities


You were on level 6 of the Dungeon.
You visited 1 branch of the dungeon, and saw 6 of its levels.
You also visited: Sewer.

You collected 359 gold pieces.

Inventory:

Hand Weapons
 a - a +0 short sword
 j - a +0 short sword of draining (weapon)
Armour
 b - a +0 robe (worn)
 d - an orb of light (worn)
 s - a +1 hat
 y - a +2 hat (worn)
Jewellery
 z - an amulet of the acrobat (around neck)
Wands
 A - a wand of polymorph (12)
Scrolls
 g - a scroll of silence {unknown}
 h - a scroll of enchant weapon {unknown}
 i - a scroll of fear {unknown}
 k - a scroll of poison {unknown}
 l - 5 scrolls of immolation {unknown}
 m - a scroll of torment {unknown}
 o - 6 scrolls of identify {unknown}
 p - a scroll of acquirement {unknown}
 q - 7 scrolls of teleportation {unknown}
 r - a scroll of blinking {unknown}
 t - a scroll of noise {unknown}
 v - a scroll of vulnerability {unknown}
 w - a scroll of revelation {unknown}
 B - a scroll of fog {unknown}
Potions
 c - 3 potions of curing
 e - 3 potions of lignification {unknown}
 f - a potion of degeneration {unknown}
 n - a potion of mutation {unknown}
 u - 2 potions of heal wounds {unknown}
 x - 2 potions of enlightenment


   Skills:
 + Level 6.1 Fighting
 + Level 5.4 Short Blades
 + Level 5.4 Dodging


You had 6 spell levels left.
You didn't know any spells.
Your spell library contained the following spells:

 Spells                   Type           Power      Damage    Failure   Level
 Sandblast                Erth           0%         2d4       32%         1
 Slow                     Hex            0%         N/A       32%         1
 Passwall                 Tmut/Erth      0%         N/A       45%         2
 Confusing Touch          Hex            0%         N/A       69%         3
 Gell's Gravitas          Tloc           0%         N/A       69%         3
 Stone Arrow              Conj/Erth      0%         3d7       69%         3
 Teleport Other           Tloc           0%         N/A       69%         3
 Vampiric Draining        Necr           0%         2d6       69%         3
 Olgreb's Toxic Radiance  Pois           0%         N/A       97%         4
 Dispersal                Tloc           0%         N/A       100%        6
 Discord                  Hex            0%         N/A       100%        8
 Ignition                 Fire           0%         3d3       100%        8


Dungeon Overview and Level Annotations

Branches:
Dungeon (6/15)             Temple (0/1) D:6           Sewer (visited)

Altars:
Ashenzari
Dithmenos
Makhleb
Uskayaw
Xom


Innate Abilities, Weirdness & Mutations

You are partially covered in icy blue scales. (AC +2)
You sometimes emit foul miasma when damaged in melee.


Message History

The puff of frost misses you.
You hit the water moccasin. You drain the water moccasin.
You kill the water moccasin!
You feel sick.
Your Fighting skill increases to level 6!
Unknown command.
You hit the white imp but do no damage.
You feel sick. The white imp hits you. The white imp freezes you.
* * * LOW HITPOINT WARNING * * *
You emit a cloud of foul miasma!
You hit the white imp but do no damage. The white imp gestures at you.
The puff of frost hits you!
* * * LOW HITPOINT WARNING * * *
You hit the white imp.
The white imp is moderately wounded.
You feel sick.
You are no longer poisoned.
You hit the white imp.
The white imp is severely wounded.
The white imp gestures at you. The puff of frost hits you.
* * * LOW HITPOINT WARNING * * *
You hit the white imp but do no damage.
The white imp is severely wounded.
The white imp closely misses you.
You barely miss the white imp.
The white imp is severely wounded.
The white imp closely misses you.
You hit the white imp.
The white imp is almost dead.
You hit the white imp but do no damage.
The white imp is almost dead.
The white imp gestures at you. The puff of frost misses you.
You hit the white imp but do no damage.
The white imp is almost dead.
The white imp gestures at you. The puff of frost hits you!
You die...

##### #...#####
#........ #........
#........ #.
#.)...... #.
#†5...... #. #.
#@###+#+#####.# #.
#.....#.....#.# #.
####....#....#.# #.
#.......+......###.
#.......#..........
#......##....#.....
#...8⌠...........##
#........##......#
..##.8⌠.>.##......#


You could see a white imp.

Vanquished Creatures
  A water moccasin (D:6)
  A phantom (D:4)
  A bullfrog (D:6)
  2 kobold brigands (Sewer)
  3 scorpions
  A howler monkey (D:6)
  A hound (D:6)
  An orc priest (D:4)
  2 iguanas (D:4)
  A sleepcap (D:6)
  An orc wizard (D:4)
  A river rat (Sewer)
  4 adders
  An ufetubus (D:5)
  2 worms
  12 orcs
  8 ball pythons
  7 bats
  5 endoplasms
  3 giant cockroaches
  3 goblins (D:1)
  6 hobgoblins
  5 jackals
  4 quokkas
  5 frilled lizards
  18 kobolds
  11 rats
110 creatures vanquished.

Notes
Turn   | Place    | Note
-------+----------+-------------------------------------------
     0 | D:1      | innerfire43 the Demonspawn Monk began the quest for the
                  | Orb.
     0 | D:1      | Reached XP level 1. HP: 18/18 MP: 1/1
   153 | D:1      | Gained mutation: You may rarely emit foul miasma when
                  | damaged in melee. [demonic ancestry]
   153 | D:1      | Reached XP level 2. HP: 24/24 MP: 2/2
   539 | D:1      | Reached XP level 3. HP: 28/29 MP: 3/3
  1010 | D:2      | Reached XP level 4. HP: 30/37 MP: 4/4
  1898 | D:3      | Found a shadowy altar of Dithmenos.
  1970 | D:3      | Found a hide-covered altar of Uskayaw.
  2000 | D:3      | Found a glowing drain.
  2058 | D:3      | Identified the +1 robe "Lucenadgh" {rPois Slay+6}
  2090 | Sewer    | Entered a sewer
  2108 | Sewer    | Reached skill level 4 in Fighting
  2161 | Sewer    | Noticed a kobold brigand
  2164 | Sewer    | Noticed a kobold brigand
  2179 | Sewer    | Killed a kobold brigand
  2180 | Sewer    | Reached XP level 5. HP: 26/42 MP: 5/5
  2681 | D:4      | Gained mutation: You sometimes emit foul miasma when
                  | damaged in melee. [demonic ancestry]
  2681 | D:4      | Reached XP level 6. HP: 44/49 MP: 6/6
  2685 | D:4      | Found a broken altar of Ashenzari.
  2688 | D:4      | Found a shimmering altar of Xom.
  2796 | D:4      | Found a burning altar of Makhleb.
  3505 | D:4      | Reached skill level 5 in Fighting
  3860 | D:5      | Entered Level 5 of the Dungeon
  3908 | D:5      | Gained mutation: You are partially covered in icy blue
                  | scales. (AC +2) [demonic ancestry]
  3908 | D:5      | Reached XP level 7. HP: 34/56 MP: 7/7
  4102 | D:5      | You fall into a shaft and drop 1 floor!
  4269 | D:6      | Reached skill level 5 in Short Blades
  4269 | D:6      | Reached skill level 5 in Dodging
  4479 | D:6      | Found a staircase to the Ecumenical Temple.
  4507 | D:6      | Reached skill level 6 in Fighting
  4515 | D:6      | Killed from afar by a white imp

Illustrated notes

Levels and vault maps discovered:
D:1:      tarquinn_simple_flora_water_f, layout_loops_ring,
          shapermc_ecumenical_altar_petra
D:2:      layout_basic, basic_altar, serial_bayou_pond_b,
          chequers_serial_rivers_micro_b, nrook_uturn, minmay_pentomino_pile
D:3:      layout_loops_ring, mainiacjoe_overflow_six_doors_small,
          general_overflow_altar, portal_sewer_entry_f, minmay_hedge_maze,
          st_stairs_5
D:4:      layout_gridville, nicolae_overflow_hidden_temple, chequers_big_river
D:5:      layout_loops_ring
D:6:      layout_basic, amcnicky_altar_gilded, old_standard_altar,
          lemuel_round_altar, minmay_temple_entry_drinking_statues,
          uniq_prince_ribbit1

Skill      XL: |  1  2  3  4  5  6  7 |
---------------+----------------------+-----
Dodging        | 3 4 5 |  5.4
Short Blades   | 3 4 5 |  5.4
Fighting       | 4 5 6 |  6.1

Action                     |  1- 3 |  4- 6 |  7- 9 || total
---------------------------+-------+-------+-------++-------
  Melee: Short sword       |   114 |   230 |   106 ||   450
    Use: Potion            |       |     1 |       ||     1
 Armour: Robe              |    15 |    41 |    20 ||    76
  Dodge: Dodged            |    64 |   148 |    90 ||   302

Table legend: (Time is in decaauts)
 A = Elapsed time spent in this place.
 B = Non-inter-level travel time spent in this place.
 C = Inter-level travel time spent in this place.
 D = Time resting spent in this place.
 E = Time spent auto-exploring this place.
 F = Levels seen in this place.
 G = Mean time per level.
                   A        B        C        D        E       F      G
               +--------+--------+--------+--------+--------+-----+--------+
         Total |   4474 |   4316 |    158 |      0 |   3421 |   7 |  639.1 |
       Dungeon |   4093 |   3935 |    158 |      0 |   3221 |   6 |  682.2 |
         Sewer |    380 |    380 |      0 |      0 |    200 |   1 |  380.0 |
               +--------+--------+--------+--------+--------+-----+--------+

Top non-repeatable levels by time:
     D:4: 1171 daAuts
     D:3: 865 daAuts
     D:1: 783 daAuts
     D:2: 646 daAuts
     D:6: 388 daAuts
   Sewer: 380 daAuts
     D:5: 238 daAuts
